 Dungeon Crawl Stone Soup version 0.29.1-1-gd02db6906a (webtiles) character file.

Game seed: 7684699829619761340

1 tardwrangler69 the Chopper (level 1, -6/20 HPs)
             Began as a Minotaur Chaos Knight on Sept 28, 2022.
             Was a Plaything of Xom.
             Mangled by a cyclops (glowing shapeshifter) (26 damage)
             ... on level 1 of the Dungeon.
             The game lasted 00:00:08 (18 turns).

tardwrangler69 the Chopper (Minotaur Chaos Knight)    Turns: 18, Time: 00:00:33

Health: -6/20      AC:  5    Str: 16    XL:     1   Next: 16%
Magic:  0/0        EV: 11    Int:  9    God:    Xom [..*...]
Gold:   0          SH:  0    Dex:  9    Spells: 0/0 levels left

rFire   . . .      SeeInvis .   a - +0 hand axe (chaos)
rCold   . . .      Faith    .   (no shield)
rNeg    . . .      Spirit   .   b - +2 leather armour
rPois   .          Reflect  .   (helmet restricted)
rElec   .          Harm     .   (no cloak)
rCorr   .          Rampage  .   (no gloves)
Will    .....                   (no boots)
Stlth   +.........              (no amulet)
HPRegen 0.06/turn               (no ring)
MPRegen 0.07/turn               (no ring)

@: no status effects
A: horns 2, retaliatory headbutt
a: Renounce Religion


You were on level 1 of the Dungeon.
You worshipped Xom.
You were a toy of Xom.
You visited 1 branch of the dungeon, and saw 1 of its levels.

Inventory:

Hand Weapons
 a - a +0 hand axe of chaos (weapon)
Armour
 b - a +2 leather armour (worn)
Miscellaneous
 c - a piece from Xom's chessboard (15/15) (quivered)


   Skills:
 + Level 3.6 Fighting
 * Level 3.7 Axes
 - Level 2.4 Armour
 - Level 1.1 Dodging


You couldn't memorise any spells.
You didn't know any spells.
Your spell library was empty.

Dungeon Overview and Level Annotations

Branches:
Dungeon (1/15)

Altars:


Innate Abilities, Weirdness & Mutations

You have a pair of horns on your head.
You reflexively headbutt those who attack you in melee.


Message History

Welcome, tardwrangler69 the Minotaur Chaos Knight.
Will you prevail where others failed? Will you find the Orb of Zot?
Xom says: A new plaything!
Press ? for a list of commands and other information.
Found a leather armour and a whip.
Found a staircase leading out of the dungeon.
Found a faded altar of an unknown god.
Found a stone staircase leading down.
An endoplasm comes into view.
The endoplasm quivers.
You hit the endoplasm. You burn the endoplasm. You headbutt the endoplasm.
You kill the endoplasm!
You hit the plant but do no damage.
No target in view!
No target in view!
A frilled lizard comes into view.
The frilled lizard hisses angrily.
A frilled lizard is nearby!
A frilled lizard is nearby!
A frilled lizard is nearby!
The frilled lizard bites you but does no damage.
You hit the frilled lizard.
The frilled lizard changes into a glowing shapeshifter!
Xom roars with laughter!
The glowing shapeshifter changes into a cyclops!
You hit the cyclops but do no damage. Lightning courses through the cyclops!
The cyclops is lightly wounded.
You hit the cyclops but do no damage.
You headbutt the cyclops, but do no damage.
The cyclops is lightly wounded.
The cyclops hits you!!
Ouch! That really hurt!
You die...
Xom giggles madly!

... #......# ##._>...
#......### #.......
#........# #.......
#........## #.......
#.........## #.......
#.....##)..###.......
#...C.##....##.......
#.@##.....##...##..
#..................
#...P#~#P.....P#~#P
#..P##~##P...P##~##
#...~~~~~..<..~~~~~
##.P##~##P...P##~##
#..P#~#P.....P# #
#...............
###..........#...#


You could see a cyclops shaped shifter.

Vanquished Creatures
  An endoplasm (D:1)
1 creature vanquished.

Notes
Turn   | Place    | Note
-------+----------+-------------------------------------------
     0 | D:1      | tardwrangler69 the Minotaur Chaos Knight began the quest
                  | for the Orb.
     0 | D:1      | Reached XP level 1. HP: 19/19 MP: 0/0
     3 | D:1      | Found a faded altar of an unknown god.
    16 | D:1      | Noticed a glowing shapeshifter
    16 | D:1      | a frilled lizard changed into a glowing shapeshifter
    16 | D:1      | Noticed a cyclops
    16 | D:1      | a glowing shapeshifter changed into a cyclops
    18 | D:1      | Mangled by a cyclops (glowing shapeshifter)

Illustrated notes

Levels and vault maps discovered:
D:1:      eino_arrival_water_cross, layout_rooms, basic_ecumenical_altar,
          minmay_domino_4

Action                   || total
-------------------------++-------
Melee: Hand axe          ||     4
       Headbutt          ||     2
Armor: Leather armour    ||     1
